 Dungeon Crawl Stone Soup version 0.29.0-4-gdea44cf6ec (webtiles) character file.

Game seed: 5660671254976880479

160 qw the Chopper (level 5, -2/33 HPs)
             Began as a Tengu Warper on Aug 28, 2022.
             Slain by a gnoll
             ... wielding a +0 flail
              (8 damage)
             ... on level 3 of the Dungeon.
             The game lasted 00:00:14 (2206 turns).

qw the Chopper (Tengu Warper)                       Turns: 2206, Time: 00:00:14

Health: -2/33      AC:  5    Str: 13    XL:     5   Next: 41%
Magic:  9/9        EV: 13    Int: 14    God:
Gold:   79         SH:  0    Dex: 13    Spells: 8/8 levels left

rFire   . . .      SeeInvis .   m - +2 hand axe (spect)
rCold   . . .      Faith    .   (no shield)
rNeg    . . .      Spirit   .   e - +0 ring mail
rPois   .          Reflect  .   (helmet restricted)
rElec   .          Harm     .   (no cloak)
rCorr   .          Rampage  .   (no gloves)
Will    .....                   (boots unavailable)
Stlth   +.........              (no amulet)
HPRegen 0.11/turn               (no ring)
MPRegen 0.11/turn               (no ring)

@: flying quickly and evasively, quick
A: beak, talons 3, nimble flight, robust 1
a: no special abilities


You were on level 3 of the Dungeon.
You visited 1 branch of the dungeon, and saw 3 of its levels.

You collected 118 gold pieces.
You spent 39 gold pieces at shops.


Innate Abilities, Weirdness & Mutations

You have a beak for a mouth.
You have claws for feet.
Your magical nature lets you fly swiftly and evasively.
You are robust. (+10% HP)


   Skills:
 - Level 2.0 Fighting
 + Level 6.0 Axes
 - Level 1.0 Throwing
 - Level 1.1 Armour
 - Level 2.1 Dodging
 - Level 2.0 Spellcasting
 - Level 2.4 Translocations


You had 8 spell levels left.
You didn't know any spells.
Your spell library contained the following spells:

 Spells                   Type           Power      Damage    Failure   Level
 Blink                    Tloc           16%        N/A       28%         2
 Gell's Gravitas          Tloc           8%         N/A       50%         3
 Lesser Beckoning         Tloc           8%         N/A       50%         3
 Teleport Other           Tloc           8%         N/A       50%         3
 Manifold Assault         Tloc           8%         N/A       99%         5

Inventory:

Hand Weapons
 h - a +2 vampiric whip
 m - a +2 spectral hand axe (weapon)
Armour
 e - a +0 ring mail (worn)
Potions
 b - a potion of flight {unknown}
 d - a potion of invisibility {unknown}
 f - a potion of magic {unknown}
 i - a potion of curing
 j - a potion of resistance {unknown}

Dungeon Overview and Level Annotations

Branches:
Dungeon (3/15)

Altars:

Shops:
D:1 :*


Message History

You barely miss the gnoll.
The gnoll is severely wounded.
The gnoll hits you with a +0 spear.
You hit the gnoll but do no damage.
The gnoll is severely wounded.
The gnoll hits you with a +0 spear.
You hit the gnoll.
You kill the gnoll!
You barely miss the gnoll. You claw the gnoll. Your peck misses the gnoll.
The gnoll is lightly wounded.
The gnoll hits you with a +0 club.
You hit the gnoll but do no damage. You claw the gnoll.
The gnoll is lightly wounded.
The gnoll hits you with a +0 club.
You hit the gnoll. Your kick misses the gnoll.
The gnoll is heavily wounded.
The gnoll hits you with a +0 club.
You hit the gnoll. Your kick misses the gnoll.
The gnoll is severely wounded.
The gnoll closely misses you.
You barely miss the gnoll. Your kick misses the gnoll. You peck the gnoll.
The gnoll is almost dead.
The gnoll hits you with a +0 club.
You barely miss the gnoll.
The gnoll is almost dead.
The gnoll hits you with a +0 club.
You hit the gnoll.
You kill the gnoll!
Your Axes skill increases to level 6!
You hit the gnoll but do no damage. You claw the gnoll.
You peck the gnoll, but do no damage.
The gnoll is lightly wounded.
The gnoll barely misses you.
You barely miss the gnoll. You claw the gnoll. You peck the gnoll.
The gnoll is heavily wounded.
The gnoll closely misses you.
You barely miss the gnoll. Your kick misses the gnoll.
The gnoll is heavily wounded.
The gnoll hits you with a +0 flail!
You die...

..###..###.## ##.#.#.#
#.# <##.##.###.#
.#####.....## .#
####...## .# ##.....##
.## ##)......## ##
..####.........####...##
.....%.........'@g.....#
..####.........####...##
.## ##.......## ## ##
##.....## # ##...## #
##+## . # #


You could see a gnoll.

Vanquished Creatures
  Natasha (thrice) (D:2)
  2 gnolls (D:3)
  An adder (D:2)
  A worm (D:2)
  2 bats (D:1)
  9 endoplasms
  4 giant cockroaches
  5 goblins
  5 hobgoblins
  2 quokkas
  5 ball pythons
  3 frilled lizards (D:2)
  8 kobolds
  A rat (D:1)
51 creatures vanquished.

Notes
Turn   | Place    | Note
-------+----------+-------------------------------------------
     0 | D:1      | qw the Tengu Warper began the quest for the Orb.
     0 | D:1      | Reached XP level 1. HP: 12/12 MP: 4/4
     0 | D:1      | 0 ||| qw: Version: 0.1-a-89-g26bdef1
     0 | D:1      | 0 ||| qw: Game counter: 2333
     0 | D:1      | 0 ||| qw: Always use a shield: true
     0 | D:1      | 0 ||| qw: God list: Okawaru
     0 | D:1      | 0 ||| qw: Allow faded altars: false
     0 | D:1      | 0 ||| qw: Do Orc after D:15 true
     0 | D:1      | 0 ||| qw: Do second Lair branch before Depths: true
     0 | D:1      | 0 ||| qw: Lair rune preference: random
     0 | D:1      | 0 ||| qw: Plans: Normal
     0 | D:1      | 0 ||| PLANNING D:1-11
    88 | D:1      | Found Otuvoir's General Store.
   120 | D:1      | Reached skill level 3 in Axes
   120 | D:1      | Reached XP level 2. HP: 16/17 MP: 6/6
   380 | D:1      | Found Unwen's Vocational Training.
   394 | D:1      | 394 ||| DROPPING +0 club.
   537 | D:1      | Reached XP level 3. HP: 21/21 MP: 7/7
   614 | D:1      | 614 ||| SHOPLISTING +0 plate armour (299 gold, have 39).
   614 | D:1      | 614 ||| SHOPLISTING 2 scrolls of enchant weapon (195 gold,
                  | have 39).
   614 | D:1      | 614 ||| SHOPLISTING ring of positive energy (260 gold, have
                  | 39).
   614 | D:1      | 614 ||| BUYING scroll of teleportation (39 gold).
   614 | D:1      | Bought a scroll of teleportation for 39 gold pieces
   883 | D:1      | 883 ||| UPGRADING to +0 ring mail.
   893 | D:1      | 893 ||| DROPPING +0 leather armour.
   894 | D:1      | 894 ||| READING 2 scrolls labelled MIATWE VADUCW.
   895 | D:1      | 895 ||| READING scroll of enchant weapon.
   895 | D:1      | 895 ||| ENCHANTING +1 hand axe.
   896 | D:1      | 896 ||| READING scroll labelled AHACIA TEGA.
   897 | D:1      | 897 ||| READING scroll labelled IPPUOVV TUQAULL.
   898 | D:1      | 898 ||| DROPPING scroll of blinking.
   960 | D:2      | 960 ||| Stepping ~*~*~tactically~*~*~ (stealth).
   967 | D:2      | 967 ||| Stepping ~*~*~tactically~*~*~ (stealth).
   968 | D:2      | 968 ||| Stepping ~*~*~tactically~*~*~ (stealth).
  1019 | D:2      | Reached skill level 4 in Axes
  1164 | D:2      | Noticed Natasha
  1167 | D:2      | Killed Natasha
  1168 | D:2      | Reached XP level 4. HP: 26/26 MP: 8/8
  1183 | D:2      | 1183 ||| READING 2 scrolls labelled UWISAG MAIMOXKU.
  1184 | D:2      | 1184 ||| DROPPING scroll of immolation.
  1185 | D:2      | 1185 ||| READING scroll of teleportation.
  1186 | D:2      | 1186 ||| FLEEEEING.
  1187 | D:2      | 1187 ||| FLEEEEING.
  1218 | D:2      | Noticed Natasha
  1219 | D:2      | 1219 ||| Stepping ~*~*~tactically~*~*~ (hiding).
  1220 | D:2      | 1220 ||| Stepping ~*~*~tactically~*~*~ (hiding).
  1225 | D:2      | Killed Natasha
  1226 | D:2      | Reached skill level 5 in Axes
  1304 | D:2      | 1304 ||| Stepping ~*~*~tactically~*~*~ (stealth).
  1320 | D:2      | Noticed a floating eye
  1321 | D:2      | Found a faded altar of an unknown god.
  1328 | D:2      | Noticed an eye of devastation
  1341 | D:2      | Noticed a floating eye
  1705 | D:2      | Noticed a great orb of eyes
  1750 | D:2      | Noticed Natasha
  1753 | D:2      | Killed Natasha
  1754 | D:2      | Gained mutation: Your magical nature lets you fly swiftly
                  | and evasively. [Tengu growth]
  1754 | D:2      | Reached XP level 5. HP: 30/30 MP: 9/9
  2022 | D:2      | 2022 ||| READING scroll labelled ZULEXUS COKALA.
  2023 | D:2      | 2023 ||| READING scroll labelled MUANYA MABE.
  2024 | D:2      | 2024 ||| READING 2 scrolls labelled RORERULUAS.
  2025 | D:2      | 2025 ||| DRINKING 2 murky sapphire potions.
  2026 | D:2      | 2026 ||| DRINKING 2 smoky grey potions.
  2026 | D:2      | Gained mutation: You are frail. (-10% HP) [potion of
                  | mutation]
  2026 | D:2      | Gained mutation: You are somewhat resistant to further
                  | mutation. [potion of mutation]
  2026 | D:2      | Gained mutation: You are agile. (Dex +4, Str/Int -1)
                  | [potion of mutation]
  2027 | D:2      | 2027 ||| DRINKING potion of mutation.
  2027 | D:2      | Lost mutation: You are somewhat resistant to further
                  | mutation. [potion of mutation]
  2027 | D:2      | Lost mutation: You are frail. (-10% HP) [potion of
                  | mutation]
  2027 | D:2      | Lost mutation: You are agile. (Dex +4, Str/Int -1) [potion
                  | of mutation]
  2027 | D:2      | Gained mutation: You are robust. (+10% HP) [potion of
                  | mutation]
  2081 | D:2      | 2081 ||| DROPPING scroll of fear.
  2201 | D:3      | HP: 8/33 [gnoll/+0 club (4)]
  2204 | D:3      | Reached skill level 6 in Axes
  2206 | D:3      | Slain by a gnoll

Levels and vault maps discovered:
D:1:      dpeg_arrival_concentric_ovals, layout_basic, serial_shops,
          nicolae_shop_hallway_stairs, moated_statue, nicolae_shop_vocational
D:2:      layout_basic, hellmonk_ecumenical_altar_watching_god,
          grunt_decor_junction, uniq_natasha
D:3:      layout_loops_corners, mainiacjoe_overflow_surrounded_room,
          serial_shops, shop, patterned_corridor

Skill      XL: |  1  2  3  4  5 |
---------------+----------------+-----
Axes           | 3 4 5 6 |  6.0
Fighting       | |  2.0
Throwing       | |  1.0
Armour         | |  1.1
Dodging        | |  2.1
Spellcasting   | |  2.0
Translocations | |  2.4

Action                   |  1- 3 |  4- 6 || total
-------------------------+-------+-------++-------
Melee: Hand axe          |    72 |    37 ||   109
       Peck              |     5 |     9 ||    14
       Kick              |    16 |    11 ||    27
       Punch             |       |     1 ||     1
Throw: Boomerang         |     7 |       ||     7
  Use: Scroll            |     4 |     5 ||     9
       Potion            |       |     3 ||     3
Armor: Leather armour    |    13 |       ||    13
       Ring mail         |     4 |     1 ||     5
Dodge: Dodged            |    33 |     9 ||    42

Table legend:
 A = Non-vault XP
 B = Vault XP
 C = Vault XP percentage of total XP
 D = Non-vault monster count
 E = Vault monster count
 F = Vault count percentage of total count
                 A         B        C        D         E       F
            +---------+---------+-------+---------+---------+-------
      Total |     193 |      36 |  15.7 |      50 |       1 |   2.0
            +---------+---------+-------+---------+---------+-------
        D:1 |      41 |       0 |   0.0 |      23 |       0 |   0.0
        D:2 |     117 |      36 |  23.5 |      22 |       1 |   4.3
        D:3 |      35 |       0 |   0.0 |       5 |       0 |   0.0
            +---------+---------+-------+---------+---------+-------
